 Dungeon Crawl Stone Soup version 0.30-a0-591-g3c58d2bc28 (webtiles) character file.

Game seed: 6944989081475825648

4 bpung the Sneak (level 1, -3/12 HPs)
             Began as a Kobold Brigand on Jan 5, 2023.
             Frozen to death by an endoplasm (5 damage)
             ... on level 1 of the Dungeon.
             The game lasted 00:00:40 (33 turns).

bpung the Sneak (Kobold Brigand)                      Turns: 33, Time: 00:00:41

Health: -3/12      AC:  4    Str:  8    XL:     1   Next: 66%
Magic:  1/1        EV: 14    Int: 12    God:
Gold:   0          SH:  0    Dex: 16    Spells: 0/0 levels left

rFire   . . .      SeeInvis .    a - +2 dagger
rCold   . . .      Faith    .    (no shield)
rNeg    . . .      Spirit   .    b - +0 robe
rPois   .          Reflect  .    f - +0 helmet
rElec   .          Harm     .    c - +0 cloak
rCorr   .          Rampage  .    (no gloves)
Will    .....                    (no boots)
Stlth   ++++                     (no amulet)
HPRegen 0.22/turn                (no ring)
MPRegen 0.07/turn                (no ring)

@: no status effects
A: small, no large weapons, nightstalker 3
a: no special abilities


You were on level 1 of the Dungeon.
You visited 1 branch of the dungeon, and saw 1 of its levels.

Inventory:

Hand Weapons
 a - a +2 dagger (weapon)
Missiles
 d - 9 poisoned darts (quivered)
 e - 3 curare-tipped darts
Armour
 b - a +0 robe (worn)
 c - a +0 cloak (worn)
 f - a +0 helmet (worn)


   Skills:
 + Level 2.2 Fighting
 + Level 2.8 Short Blades
 + Level 2.2 Throwing
 + Level 1.3 Dodging
 + Level 5.3 Stealth


You couldn't memorise any spells.
You didn't know any spells.
Your spell library was empty.

Dungeon Overview and Level Annotations

Branches:
Dungeon (1/15)

Altars:


Innate Abilities, Weirdness & Mutations

You are small and have problems with some larger weapons.
You are completely attuned to the shadows.


Message History

Found a short sword.
The endoplasm quivers.
You hit the endoplasm.
The endoplasm is heavily wounded.
You barely miss the endoplasm.
The endoplasm is heavily wounded.
The endoplasm freezes you.
You are frozen.
You hit the endoplasm.
You kill the endoplasm!
Found a scroll labelled DAPPYRCH SEACA.
Found a stone staircase leading down.
A ball python comes into view.
A quokka comes into view.
The helpless ball python fails to defend itself.
You impale the ball python!!
You kill the ball python!
A hobgoblin comes into view.
Found a club.
The hobgoblin shouts!
You hit the quokka.
The quokka is moderately wounded.
The quokka bites you. The hobgoblin barely misses you.
An endoplasm comes into view.
You closely miss the quokka.
The quokka is moderately wounded.
The quokka bites you. The hobgoblin hits you.
The quokka attacks as you move away! The quokka misses you.
You hit the quokka.
The quokka is heavily wounded.
The quokka closely misses you.
You miss the quokka.
The quokka is heavily wounded.
The quokka bites you.
* * * LOW HITPOINT WARNING * * *
You hit the quokka.
You kill the quokka!
You completely miss the endoplasm. The endoplasm freezes you.
You are frozen.
You die...

#. #. ## #
.#... .#.##g#.#
#...#?J#.)#
#..#.##@#.#
#.........#
#.........>.
###........?.
.....########
####.# #.# #.#
###.#######..##
#..............


You could see an endoplasm.

Vanquished Creatures
  A ball python (D:1)
  An endoplasm (D:1)
  A quokka (D:1)
3 creatures vanquished.

Notes
Turn   | Place    | Note
-------+----------+-------------------------------------------
     0 | D:1      | bpung the Kobold Brigand began the quest for the Orb.
     0 | D:1      | Reached XP level 1. HP: 12/12 MP: 1/1
    33 | D:1      | Frozen to death by an endoplasm

Illustrated notes

Levels and vault maps discovered:
D:1:      eino_arrival_water_cross, layout_loops_ring, minmay_small_reverse_x

Action                   || total
-------------------------++-------
Melee: Dagger            ||    10
 Stab: Sleeping          ||     1
Dodge: Dodged            ||     3

Table legend: (Time is in decaauts)
 A = Elapsed time spent in this place.
 B = Non-inter-level travel time spent in this place.
 C = Inter-level travel time spent in this place.
 D = Time resting spent in this place.
 E = Time spent auto-exploring this place.
 F = Levels seen in this place.
 G = Mean time per level.
                   A        B        C        D        E       F      G
               +--------+--------+--------+--------+--------+-----+--------+
         Total |     31 |     31 |      0 |      0 |      6 |   1 |   31.0 |
       Dungeon |     31 |     31 |      0 |      0 |      6 |   1 |   31.0 |
               +--------+--------+--------+--------+--------+-----+--------+

Top non-repeatable levels by time:
     D:1: 31 daAuts
